 Dungeon Crawl Stone Soup version 0.28-b1-1-g3c77fb2ed1 (webtiles) character file.

Game seed: 9338997302021010827

39871 szrap the Eclecticist (level 13, -3/79 HPs)
             Began as a Deep Elf Conjurer on Jan 28, 2022.
             Was an Initiate of Gozag.
             Shot with an arrow by Nessos (9 damage)
             ... on level 6 of the Lair of Beasts on Jan 29, 2022.
             The game lasted 01:26:57 (28314 turns).

szrap the Eclecticist (Deep Elf Conjurer)          Turns: 28314, Time: 01:26:58

Health: -3/79      AC: 15    Str:  6    XL:     13   Next: 71%
Magic:  36/36      EV: 17    Int: 27    God:    Gozag
Gold:   2558       SH:  0    Dex: 22    Spells: 23/46 levels left

rFire   + . .      SeeInvis .   C - staff of poison
rCold   + . .      Faith    +   (no shield)
rNeg    + + +      Spirit   .   y - quicksilver dragon scales of the Ward {rF+ Will+ Dex+3}
rPois   +          Reflect  .   e - +2 helmet
rElec   .          Harm     .   (no cloak)
rCorr   +          Rampage  .   s - +2 pair of gloves
Will    ++...                   (no boots)
Stlth   ++++......              I - amulet of Raezaet {Faith Fragile rN+++ Regen+ Dex+6}
HPRegen 1.03/turn               f - ring of resist corrosion
MPRegen 0.25/turn               F - ring of protection from cold

@: lethally poisoned (-3 -> -12)
A: no striking features
a: Renounce Religion, Potion Petition, Call Merchant, Bribe Branch


You were on level 6 of the Lair of Beasts.
You worshipped Gozag.
Gozag was most pleased with you.
You visited 3 branches of the dungeon, and saw 17 of its levels.
You also visited: Ossuary.

You collected 2788 gold pieces.
You paid 230 gold pieces to Gozag.

Inventory:

Hand Weapons
 c - a +7 vorpal dagger
Armour
 e - a +2 helmet (worn)
 h - a +2 robe of resistance
 s - a +2 pair of gloves (worn)
 y - the quicksilver dragon scales of the Ward (worn) {rF+ Will+ Dex+3}
   (You found it on level 6 of the Lair of Beasts)

   Dex:       It affects your dexterity (+3).
   rF:        It protects you from fire.
   Will:      It increases your willpower.
Magical Staves
 B - a staff of cold
 C - a staff of poison (weapon)
Jewellery
 f - a ring of resist corrosion (left hand)
 n - a ring of wizardry
 q - a ring of wizardry
 x - an amulet of the acrobat
 F - a ring of protection from cold (right hand)
 I - the amulet of Raezaet (around neck) {Faith Fragile rN+++ Regen+ Dex+6}
   (You found it on level 3 of the Lair of Beasts)

   [amulet of faith]

   It allows you to gain divine favour quickly.
   Dex:       It affects your dexterity (+6).
   rN:        It renders you almost immune to negative energy.
   Regen:     It increases your rate of health regeneration.
   Fragile:   It will be destroyed if unequipped.
Wands
 j - a wand of flame (44)
 m - a wand of iceblast (8)
 r - a wand of paralysis (10)
 z - a wand of digging (6)
 H - a wand of acid (3)
 J - a wand of polymorph (7)
Scrolls
 g - 13 scrolls of teleportation
 l - a scroll of identify
 p - 2 scrolls of fear
 t - 4 scrolls of enchant armour
 v - 3 scrolls of magic mapping
 D - a scroll of silence
 G - a scroll of summoning
 K - a scroll of blinking
 M - a scroll of holy word
 N - a scroll of fog
Potions
 a - 2 potions of attraction
 b - a potion of invisibility
 d - 3 potions of magic
 i - 6 potions of curing
 k - 2 potions of haste
 o - 2 potions of berserk rage
 u - 2 potions of brilliance
 w - 3 potions of heal wounds
 A - 2 potions of ambrosia
 L - a potion of flight
 O - a potion of cancellation
 P - a potion of mutation
 Q - a potion of might


   Skills:
 * Level 8.7 Fighting
 * Level 13.7 Dodging
 + Level 8.1 Stealth
 + Level 17.4 Spellcasting
 + Level 12.7 Conjurations
 - Level 4.5 Necromancy


You had 23 spell levels left.
You knew the following spells:

 Your Spells              Type           Power      Damage    Failure   Level
a - Magic Dart            Conj           100%       1d8       1%          1
b - Searing Ray           Conj           100%       2d8       1%          2
c - Iskenderun's Mystic   Conj/Tloc      55%        2d12      6%          4
d - Animate Skeleton      Necr           94%        N/A       1%          1
e - Apportation           Tloc           46%        N/A       9%          1
f - Stone Arrow           Conj/Erth      100%       3d13      1%          3
g - Dispel Undead         Necr           47%        3d18      13%         4
h - Conjure Flame         Conj/Fire      55%        6-21      1%          3
i - Sticky Flame          Conj/Fire      55%        2d7       6%          4

Your spell library contained the following spells:

 Spells                   Type           Power      Damage    Failure   Level
 Pain                     Necr           100%       1d9       1%          1
 Static Discharge         Conj/Air       55%        N/A       1%          2
 Dazzling Flash           Conj/Hex       100%       N/A       1%          3
 Vampiric Draining        Necr           47%        2d9       3%          3
 Corpse Rot               Necr/Air       70%        N/A       4%          2
 Fulminant Prism          Conj/Hex       27%        3d14      6%          4
 Gell's Gravitas          Tloc           23%        N/A       24%         3
 Ignite Poison            Fire/Tmut/Pois 35%        N/A       24%         3
 Teleport Other           Tloc           23%        N/A       24%         3
 Animate Armour           Summ/Erth      46%        N/A       63%         4
 Cause Fear               Hex            11%        N/A       63%         4
 Death Channel            Necr           23%        N/A       89%         6
 Alistair's Intoxication  Tmut/Pois      23%        N/A       92%         5
 Dispersal                Tloc           11%        N/A       100%        6
 Dragon Form              Tmut           11%        N/A       100%        7
 Lehudib's Crystal Spear  Conj/Erth      27%        10d7      100%        8
 Dragon's Call            Summ           11%        N/A       100%        9


Dungeon Overview and Level Annotations

Branches:
Dungeon (10/15)            Temple (1/1) D:6            Lair (6/6) D:8
 Shoals (0/4) Lair:2       Spider (0/4) Lair:4        Slime (0/5) Lair:5
Ossuary (visited)
    Orc: D:9-12

Altars:
Ashenzari
Cheibriados
Dithmenos
Elyvilon
Fedhas
Gozag
Hepliaklqana
Kikubaaqudgha
Makhleb
Nemelex Xobeh
Okawaru
Qazlal
Ru
Sif Muna
Trog
Uskayaw
Vehumet
Wu Jian
Xom
Yredelemnul
Zin
The Shining One
Jiyva

Annotations:
D:7 2 transporters, Diggabert's ghost, novice FoFi
D:8 1 runed translucent door, exclusion: 2 downstairs, Fractals's ghost, novice DrTm
Lair:1 exclusion: downstairs
Lair:5 1 runed translucent door, exclusions: downstairs and oklob plant
Lair:6 Nessos


Message History

Partly explored, can't reach some places.
Really walk onto that alarm trap?
You set off the alarm!
The alarm trap emits a blaring wail!
A sentinel's mark forms upon you.
You hear a shout!
You hear an angry hiss.
You hear a bark! x3
You hear a chilling moan.
You hear a bark!
You hear a screech!
Nessos the Markscentaur comes into view.
They are wearing a +2 barding of stealth and carrying a wand of paralysis (3).
Nessos wields a +1 longbow of flaming.
It bursts into flame!
Nessos shoots an arrow.
The arrow hits you! The arrow burns you.
Nessos gestures wildly while chanting.
Nessos blinks!
A hell hound comes into view.
Nessos shoots an arrow.
The arrow closely misses you.
The sentinel's mark upon you fades away.
Nessos gestures wildly while chanting.
Nessos seems to speed up.
Nessos shoots an arrow.
The arrow hits you! The arrow burns you.
Nessos shoots an arrow.
The arrow hits you!! The arrow burns you.
Nessos shoots an arrow.
The arrow hits you.
Nessos shoots an arrow.
The arrow hits you.
You are poisoned.
Nessos shoots an arrow.
The arrow hits you!
* * * LOW HITPOINT WARNING * * *
The arrow burns you.
You are lethally poisoned!
* * * LOW HITPOINT WARNING * * *
You feel much better.
You feel very sick.
Nessos shoots an arrow.
The arrow completely misses you.
A sixfirhy comes into view.
The hell hound pauses to sniff the ground.
Nessos shoots an arrow.
The arrow hits you!
* * * LOW HITPOINT WARNING * * *
The arrow burns you.
* * * LOW HITPOINT WARNING * * *
A water moccasin comes into view.
Nessos shoots an arrow.
The arrow hits you!
You die...
Your body crumbles into a pile of gold.

♣ ♣.................)....##
♣♣♣...........#......#...##
♣.............##.#..##..#.#
♣..............#..#...#.###
♣.............#......##.P.#
♣..............##...PP#...# ♣
♣♣♣......................P# ♣♣♣
♣♣...3........###........##
..♣♣♣♣......h...@.<.##.......#.#
♣♣..♣♣♣.............##...##...##
♣♣♣...............##..####...#
♣♣♣♣..............#.P.##..##
♣..S.............)P....##
♣....c........[.........#
♣♣.......................#
♣♣♣♣♣♣....=.................P##
♣.♣.................##.....P..##


You could see Nessos (fast), a sixfirhy, a water moccasin (wandering) and a hell
hound.

Vanquished Creatures
  A boulder beetle (Lair:6)
  7 hydras
  Erolcha (D:10)
  A flayed ghost (D:9)
  4 elephants
  9 black mambas
  Joseph (D:9)
  An unseen horror (D:9)
  5 komodo dragons
  12 cane toads
  5 rime drakes
  A troll (D:8)
  12 blink frogs
  A spriggan (Lair:1)
  A jumping spider (Lair:4)
  26 fire bats (D:9)
  5 wraiths
  3 wyverns
  A shadow (D:9)
  54 yaks
  4 vampire mosquitoes (D:10)
  Menkaure (Ossuary)
  A hell hound (Lair:6)
  14 water moccasins
  2 black bears
  A sky beast (D:7)
  2 orc warriors
  An ice beast (D:5)
  An ogre (D:6)
  8 wolves
  4 centaurs
  4 kobold brigands
  A gnoll sergeant (D:10)
  9 bullfrogs
  2 scorpions
  15 killer bees
  4 wights (D:9)
  An electric eel (D:8)
  2 howler monkeys
  A bullfrog zombie (D:4)
  5 centaur zombies
  5 hounds
  A jelly (D:7)
  A bullfrog skeleton (D:7)
  7 orc priests
  2 centaur skeletons (D:6)
  2 gnoll shamans (D:6)
  2 iguanas
  14 orc wizards
  3 ogre zombies (Ossuary)
  A hound skeleton (D:5)
  A howler monkey zombie (D:8)
  6 mummies (Ossuary)
  18 gnolls
  4 adders
  3 adder zombies (Ossuary)
  A worm (D:3)
  A dart slug (D:3)
  52 orcs
  8 endoplasms
  5 giant cockroaches
  A gnoll zombie (Ossuary)
  8 hobgoblins
  12 jackals
  4 quokkas
  11 ball pythons
  63 bats
  4 frilled lizards
  5 goblins
  5 goblin zombies (Ossuary)
  6 hobgoblin zombies (Ossuary)
  23 kobolds
  2 kobold zombies (Ossuary)
  An orc zombie (Ossuary)
  5 quokka zombies (Ossuary)
  5 rats
  2 rat zombies (Ossuary)
528 creatures vanquished.

Vanquished Creatures (collateral kills)
  3 orcs (D:8)
  2 kobolds (D:8)
5 creatures vanquished.

Vanquished Creatures (others)
  34 fungi
  68 plants
102 creatures vanquished.

Grand Total: 635 creatures vanquished

Notes
Turn   | Place    | Note
-------+----------+-------------------------------------------
     0 | D:1      | szrap the Deep Elf Conjurer began the quest for the Orb.
     0 | D:1      | Reached XP level 1. HP: 10/10 MP: 6/6
   228 | D:1      | Found a faded altar of an unknown god.
   276 | D:1      | Reached XP level 2. HP: 15/15 MP: 5/8
   305 | D:1      | Learned a level 2 spell: Searing Ray
   549 | D:1      | Reached skill level 5 in Conjurations
  1119 | D:2      | Reached XP level 3. HP: 19/19 MP: 4/9
  2407 | D:3      | Reached XP level 4. HP: 24/24 MP: 7/11
  2756 | D:3      | Found a blossoming altar of Fedhas.
  2782 | D:3      | Found a bloodstained altar of Trog.
  2786 | D:3      | Found an ancient bone altar of Kikubaaqudgha.
  2786 | D:3      | Found a basalt altar of Yredelemnul.
  2829 | D:3      | Reached skill level 4 in Spellcasting
  2848 | D:3      | Learned a level 4 spell: Iskenderun's Mystic Blast
  3028 | D:3      | Reached XP level 5. HP: 28/28 MP: 6/13
  3790 | D:4      | Reached skill level 1 in Fighting
  3790 | D:4      | Reached XP level 6. HP: 34/34 MP: 8/15
  3851 | D:4      | Reached skill level 5 in Spellcasting
  4570 | D:5      | Entered Level 5 of the Dungeon
  4829 | D:5      | Learned a level 1 spell: Animate Skeleton
  4831 | D:5      | Learned a level 1 spell: Apportation
  5173 | D:5      | Found a sand-covered staircase.
  5184 | Ossuary  | Entered an ossuary
  5859 | Ossuary  | Reached XP level 7. HP: 34/38 MP: 9/17
  6131 | Ossuary  | Noticed Menkaure
  6470 | Ossuary  | Killed Menkaure
  6471 | Ossuary  | Reached skill level 6 in Spellcasting
  6823 | D:5      | Reached skill level 5 in Stealth
  7234 | D:6      | Reached XP level 8. HP: 45/45 MP: 13/19
  7303 | D:6      | Found a staircase to the Ecumenical Temple.
  7354 | Temple   | Entered the Ecumenical Temple
  7680 | D:6      | Reached skill level 5 in Dodging
  7958 | D:6      | Reached skill level 7 in Spellcasting
  8252 | D:6      | Reached skill level 8 in Spellcasting
  8252 | D:6      | Reached XP level 9. HP: 50/51 MP: 2/23
  8570 | D:6      | HP: 2/51 [poisoned by a kobold brigand (curare-tipped
                  | dart)]
  9477 | D:6      | Paralysed by a gnoll for 4 turns
 10137 | D:7      | Reached skill level 9 in Spellcasting
 10173 | D:7      | Found a transporter.
 10178 | D:7      | Noticed a two-headed ogre
 10180 | D:7      | Noticed a moth of wrath
 10181 | D:7      | Noticed Diggabert's ghost (novice FoFi)
 10182 | D:7      | Found a bloodstained altar of Trog.
 10190 | D:7      | Found a transporter.
 11303 | D:8      | Reached skill level 10 in Spellcasting
 11479 | D:8      | Reached XP level 10. HP: 58/58 MP: 14/26
 12027 | D:8      | Found a staircase to the Lair.
 12350 | D:8      | Found a runed translucent door.
 12351 | D:8      | Noticed Fractals's ghost (novice DrTm)
 12750 | D:8      | Identified the +8 trident "Reryorgh" {freeze, rF+ Str-3
                  | Dex+4}
 13033 | D:9      | Reached skill level 5 in Fighting
 13162 | D:8      | Reached skill level 11 in Spellcasting
 13271 | D:9      | Noticed Joseph
 13286 | D:9      | Killed Joseph
 14477 | D:9      | Reached skill level 10 in Conjurations
 14731 | D:9      | Reached skill level 12 in Spellcasting
 14964 | D:9      | Reached XP level 11. HP: 64/64 MP: 21/29
 16108 | D:9      | Found a hazy altar of Hepliaklqana.
 16124 | D:9      | Reached skill level 13 in Spellcasting
 16179 | D:9      | Found a white marble altar of Elyvilon.
 16226 | D:9      | Reached skill level 10 in Dodging
 16276 | D:9      | Found a glowing silver altar of Zin.
 16281 | D:9      | Found a runed translucent door.
 16282 | D:9      | Noticed a flayed ghost
 16293 | D:9      | Found a stormy altar of Qazlal.
 16297 | D:9      | Found a sparkling altar of Nemelex Xobeh.
 16395 | D:9      | Found a shadowy altar of Dithmenos.
 16499 | D:9      | Killed a flayed ghost
 16619 | D:10     | Entered Level 10 of the Dungeon
 16783 | D:10     | Found a white marble altar of Elyvilon.
 16900 | D:10     | Found an opulent altar of Gozag.
 16908 | D:10     | Became a worshipper of Gozag Ym Sagoz the Greedy
 17227 | D:10     | Noticed Erolcha
 17239 | D:10     | Killed Erolcha
 17870 | D:10     | Found a hazy altar of Hepliaklqana.
 18061 | D:10     | Learned a level 3 spell: Stone Arrow
 18066 | D:10     | Learned a level 4 spell: Dispel Undead
 18230 | Lair:1   | Entered Level 1 of the Lair of Beasts
 18366 | Lair:1   | Reached XP level 12. HP: 71/71 MP: 21/31
 18696 | Lair:1   | Noticed a five-headed hydra
 18754 | Lair:1   | Killed a five-headed hydra
 18755 | Lair:1   | Reached skill level 14 in Spellcasting
 18755 | Lair:1   | Reached skill level 1 in Necromancy
 19930 | Lair:2   | Noticed a four-headed hydra
 19942 | Lair:2   | Killed a four-headed hydra
 20454 | Lair:2   | Reached skill level 15 in Spellcasting
 21242 | Lair:2   | Learned a level 3 spell: Conjure Flame
 21247 | Lair:2   | Learned a level 4 spell: Sticky Flame
 21357 | Lair:2   | Found a staircase to the Shoals.
 21765 | Lair:3   | Identified the amulet of Raezaet {Faith Fragile rN+++
                  | Regen+ Dex+6}
 21887 | Lair:3   | Noticed a five-headed hydra
 21893 | Lair:3   | Killed a five-headed hydra
 22946 | Lair:4   | Noticed a seven-headed hydra
 22964 | Lair:4   | Killed a seven-headed hydra
 23124 | Lair:4   | Noticed an eight-headed hydra
 23138 | Lair:4   | Killed an eight-headed hydra
 23139 | Lair:4   | Reached skill level 16 in Spellcasting
 23227 | Lair:4   | Reached XP level 13. HP: 78/78 MP: 25/35
 23415 | Lair:4   | Found a hole to the Spider Nest.
 24670 | Lair:5   | Found a runed translucent door.
 24673 | Lair:5   | Found a viscous altar of Jiyva.
 24777 | Lair:5   | Found a staircase to the Slime Pits.
 25418 | Lair:6   | Entered Level 6 of the Lair of Beasts
 26981 | Lair:6   | Reached skill level 17 in Spellcasting
 27831 | Lair:6   | Identified the quicksilver dragon scales of the Ward {rF+
                  | Will+ Dex+3}
 28307 | Lair:6   | Noticed Nessos
 28314 | Lair:6   | Shot with an arrow by Nessos

Illustrated notes

Levels and vault maps discovered:
D:1:      saegor_arrival_simple_c, layout_basic,
          ebering_ecumenical_altar_sacrificial
D:2:      layout_loops_corners, serial_bayou_pond_b, kennysheep_nondescript,
          minmay_shallow_snake_nest
D:3:      layout_rooms, grunt_temple_overflow_open, minmay_pentangle
D:4:      layout_loops_corners, minmay_stone_trees_small
D:5:      layout_basic, nicolae_ossuary_entry_monument,
          kennysheep_generic_room_3
D:6:      minmay_flawed_box, layout_basic, minmay_temple_entry_ruins
D:7:      layout_rooms, gammafunk_ghost_wrathful_warriors
D:8:      layout_basic, erik_lair_island, special_room [special_room_orc],
          ebering_ghost_funeral_grove, hex_tiny
D:9:      due_megacathedral, layout_irregular_city, uniq_joseph
D:10:     layout_stronghold, mainiacjoe_overflow_small_starburst,
          nzn_hepliaklqana_mist_gate, mainiacjoe_overflow_cross_hatched,
          uniq_erolcha
Temple:   regret_index_temple_generic_petals
Lair:1:   layout_small_grid, chequers_serial_rivers_large_a,
          grunt_forest_large_clearing_hut, serial_bayou_shore_a
Lair:2:   layout_concentric_octagons, elwin_shoals_entry_rooms,
          grunt_megastairs_3, lemuel_fruit_fields
Lair:3:   layout_cave_pods
Lair:4:   layout_regular_city, spider_nest_entry_rubble, lemuel_fruit_fields
Lair:5:   layout_small_grid, slime_altar_2
Lair:6:   evil_forest, layout_regular_city, uniq_nessos

Skill      XL: |  1  2  3  4  5  6  7  8  9 10 11 12 13 |
---------------+----------------------------------------+-----
Conjurations   | 5 6 7 8 9 10 11 12 | 12.7
Dodging        | 3 4 6 7 8 11 13 | 13.7
Stealth        | 3 4 5 7 8 |  8.1
Spellcasting   | 4 5 6 8 10 12 13 16 17 | 17.4
Fighting       | 1 2 3 4 5 6 7 8 |  8.7
Necromancy     | 4 |  4.5

Action                   |  1- 3 |  4- 6 |  7- 9 | 10-12 | 13-15 || total
-------------------------+-------+-------+-------+-------+-------++-------
Melee: Dagger            |       |    36 |     5 |    25 |       ||    66
       Punch             |       |     1 |     1 |       |       ||     2
       Staff             |       |       |       |     1 |     1 ||     2
 Cast: Magic Dart        |    66 |    63 |    82 |   301 |    40 ||   552
       Searing Ray       |     6 |    29 |    78 |   101 |     5 ||   219
       Animate Skeleton  |       |       |    12 |    15 |       ||    27
       Iskenderun's Myst |       |       |     4 |    39 |    10 ||    53
       Stone Arrow       |       |       |       |   112 |   158 ||   270
Evoke: Wand              |       |       |       |     2 |     2 ||     4
  Use: Scroll            |     6 |     6 |     7 |     9 |     5 ||    33
       Potion            |       |       |     3 |       |     1 ||     4
 Stab: Sleeping          |       |    10 |     1 |       |     1 ||    12
Armor: Robe              |     1 |    19 |    37 |   107 |    13 ||   177
Dodge: Dodged            |     8 |    32 |    77 |   325 |    64 ||   506
